 Dungeon Crawl Stone Soup version 0.30-a0-6-g7c9e10e132 (webtiles) character file.

Game seed: 17363765591898820856

50 Flugkiller the Trooper (level 3, -2/33 HPs)
             Began as a Minotaur Fighter on Aug 22, 2022.
             Slain by a worm (8 damage)
             ... on level 2 of the Dungeon.
             The game lasted 00:00:34 (803 turns).

Flugkiller the Trooper (Minotaur Fighter)            Turns: 803, Time: 00:00:35

Health: -2/33      AC:  7    Str: 20    XL:     3   Next: 55%
Magic:  2/2        EV:  9    Int:  5    God:
Gold:   73         SH:  4    Dex: 11    Spells: 2/2 levels left

rFire   . . .      SeeInvis .    a - +0 war axe
rCold   . . .      Faith    .    c - +0 buckler
rNeg    . . .      Spirit   .    b - +0 scale mail
rPois   .          Reflect  .    (helmet restricted)
rElec   .          Harm     .    (no cloak)
rCorr   .          Rampage  .    (no gloves)
Will    .....                    (no boots)
Stlth   ..........               (no amulet)
HPRegen 0.11/turn                (no ring)
MPRegen 0.08/turn                (no ring)

@: no status effects
A: horns 2, retaliatory headbutt
a: no special abilities


You were on level 2 of the Dungeon.
You visited 1 branch of the dungeon, and saw 2 of its levels.

You collected 73 gold pieces.

Inventory:

Hand Weapons
 a - a +0 war axe (weapon)
Armour
 b - a +0 scale mail (worn)
 c - a +0 buckler (worn)
Scrolls
 e - a scroll of fog {unknown}
 f - a scroll of vulnerability {unknown}
 g - a scroll of identify {unknown}
Potions
 d - a potion of might
 h - a potion of degeneration {unknown}
 i - a potion of heal wounds {unknown}


   Skills:
 + Level 4.2 Fighting
 * Level 3.9 Axes
 + Level 4.1 Armour
 - Level 3.6 Shields


You had 2 spell levels left.
You didn't know any spells.
Your spell library was empty.

Dungeon Overview and Level Annotations

Branches:
Dungeon (2/15)

Altars:

Shops:
D:2 (


Innate Abilities, Weirdness & Mutations

You have a pair of horns on your head.
You reflexively headbutt those who attack you in melee.


Message History

You slash the goblin!
You kill the goblin!
The kobold shoots an arrow.
The arrow hits you.
The frilled lizard unfolds its giant frill.
You are too injured to fight recklessly!
You are too injured to fight recklessly!
You are too injured to fight recklessly!
You are too injured to fight recklessly!
You are too injured to fight recklessly!
You are too injured to fight recklessly!
You are too injured to fight recklessly!
You are too injured to fight recklessly!
You are too injured to fight recklessly!
The dart slug launches a dart at you.
The slug dart hits you but does no damage.
There is an open door here.
You see here a +0 short sword.
There is an open door here.
The dart slug launches a dart at you. The slug dart misses you.
The dart slug launches a dart at you.
The slug dart hits you but does no damage.
You are too injured to fight recklessly!
You are too injured to fight recklessly!
You are too injured to fight recklessly!
You slash the dart slug!
You headbutt the dart slug, but do no damage.
The dart slug is severely wounded.
The dart slug barely misses you.
You slash the dart slug!
You kill the dart slug!
The kobold shoots an arrow.
The arrow hits you but does no damage.
You are too injured to fight recklessly!
The kobold unwields a +0 shortbow.
The kobold wields a +0 club.
The kobold hits you but does no damage.
You hit the kobold but do no damage. The kobold hits you but does no damage.
The kobold barely misses you. You furiously retaliate!
You headbutt the kobold!
You kill the kobold!
The goblin hits you but does no damage.
Things that are here:
a +0 club; a +0 shortbow; 9 stones You closely miss the goblin.
Your headbutt misses the goblin. The goblin hits you with a +0 club.
You are too injured to fight recklessly!
You are too injured to fight recklessly!
You hit the goblin.
The goblin is almost dead.
You hit the kobold.
You kill the kobold!
The goblin hits you but does no damage.
You are too injured to fight recklessly!
Things that are here:
a +1 dagger of draining; a kobold corpse You closely miss the goblin.
You headbutt the goblin.
You kill the goblin!
You now have 73 gold pieces (gained 18).
Items here: ( ))) †.
You start resting.
A frilled lizard is nearby!
A frilled lizard is nearby!
The frilled lizard barely misses you. You furiously retaliate!
You headbutt the frilled lizard.
You kill the frilled lizard!
You are too injured to fight recklessly!
You are too injured to fight recklessly!
You start resting.
HP restored.
Things that are here:
a +0 dagger; a goblin skeleton
Found a robe.
There is an open door here.
Found a book of Flames.
A worm comes into view.
Found a gilded ring.
A worm is nearby!
You see here a +0 robe.
You see here a scroll labelled BEL HAAQASKICU.
The worm bites you!
You hit the worm. Your headbutt misses the worm.
The worm is moderately wounded.
The worm bites you.
You hit the worm.
The worm is moderately wounded.
The worm bites you.
You hit the worm. Your headbutt misses the worm.
The worm is moderately wounded.
You barely miss the worm.
The worm is moderately wounded.
The worm bites you!
* * * LOW HITPOINT WARNING * * *
You are too injured to fight recklessly!
You are too injured to fight recklessly!
You are too injured to fight recklessly!
A worm is nearby!
A worm is nearby!
You are too injured to fight recklessly!
You hit the worm.
The worm is heavily wounded.
The worm bites you!
You die...

...... ......
####......
#####.......
........=.
#......#
#..:w..#
###...@..#
#.....?.##
#.......#
#.....[.#
##.......#
.........####
####'##.....#
##..'.....#
#...##.....#


You could see a worm.

Vanquished Creatures
  An adder (D:2)
  2 dart slugs
  3 ball pythons (D:1)
  2 bats (D:1)
  An endoplasm (D:1)
  A giant cockroach (D:1)
  7 goblins
  2 hobgoblins (D:1)
  4 jackals (D:1)
  2 quokkas (D:1)
  2 frilled lizards
  4 kobolds
  3 rats (D:1)
34 creatures vanquished.

Notes
Turn   | Place    | Note
-------+----------+-------------------------------------------
     0 | D:1      | Flugkiller the Minotaur Fighter began the quest for the
                  | Orb.
     0 | D:1      | Reached XP level 1. HP: 19/19 MP: 0/0
   109 | D:1      | Reached XP level 2. HP: 26/27 MP: 1/1
   201 | D:1      | Found a faded altar of an unknown god.
   359 | D:1      | Reached XP level 3. HP: 33/33 MP: 2/2
   516 | D:2      | Found Mufyuc's Antique Weapon Shoppe.
   803 | D:2      | Slain by a worm

Illustrated notes

Levels and vault maps discovered:
D:1:      spicycebolla_green_bress_n_ham, layout_rooms,
          ebering_ecumenical_altar_abandoned, nrook_mini_vaults
D:2:      layout_basic, serial_shops, shop_fountains

Skill      XL: |  1  2 |
---------------+-------+-----
Axes           | 3 |  3.9
Fighting       | 4 |  4.2
Armour         | 4 |  4.1
Shields        | |  3.6

Action                   || total
-------------------------++-------
Melee: War axe           ||    62
       Headbutt          ||     5
Armor: Scale mail        ||    36
Dodge: Dodged            ||    27
Block: Buckler           ||    12

Table legend: (Time is in decaauts)
 A = Elapsed time spent in this place.
 B = Non-inter-level travel time spent in this place.
 C = Inter-level travel time spent in this place.
 D = Time resting spent in this place.
 E = Time spent auto-exploring this place.
 F = Levels seen in this place.
 G = Mean time per level.
                   A        B        C        D        E       F      G
               +--------+--------+--------+--------+--------+-----+--------+
         Total |    825 |    816 |      9 |    187 |    447 |   2 |  412.5 |
       Dungeon |    825 |    816 |      9 |    187 |    447 |   2 |  412.5 |
               +--------+--------+--------+--------+--------+-----+--------+

Top non-repeatable levels by time:
     D:1: 500 daAuts
     D:2: 325 daAuts
